 Dungeon Crawl Stone Soup version 0.31.0-11-ge490571c62 (webtiles) character file.

Game seed: 10209956558699631062

1838 qw the Nimble (level 8, -2/40 HPs)
             Began as a Spriggan Hunter on Feb 4, 2024.
             Was a Follower of Okawaru.
             Slain by a white imp (3 damage)
             ... on level 5 of the Dungeon.
             The game lasted 00:00:19 (4393 turns).

qw the Nimble (Spriggan Hunter)                     Turns: 4393, Time: 00:00:20

Health: -2/40      AC:  2    Str:  7      XL:     8   Next: 87%
Magic:  12/12      EV: 26    Int: 11      God:    Okawaru [*.....]
Gold:   473        SH:  0    Dex: 25 (26) Spells: 7/7 levels left

rFire   . . .        a - +0 shortbow
rCold   . . .        (shield currently unavailable)
rNeg    + . .        c - +0 robe
rPois   .            (helmet restricted)
rElec   .            (no cloak)
rCorr   .            (gloves unavailable)
SInv    +            (boots unavailable)
Will    +....        (no amulet)
Stlth   ++           i - +6 ring of dexterity
HPRegen 0.26/turn    j - ring of positive energy
MPRegen 0.13/turn

%: no passive effects
@: about to teleport, very quick
A: very small, no large weapons, unfitting armour, see invisible, speed 3
a: Renounce Religion, Heroism


You were on level 5 of the Dungeon.
You worshipped Okawaru.
Okawaru was aware of your devotion.
You visited 2 branches of the dungeon, and saw 8 of its levels.

You collected 473 gold pieces.


Innate Abilities, Weirdness & Mutations

You are very small and have problems with some larger weapons.
You are too small for most types of armour.
You have supernaturally acute eyesight. (SInv)
You cover ground extremely quickly. (Speed+++)


   Skills:
 - Level 3.0 Fighting
 + Level 8.7 Ranged Weapons
 - Level 9.2 Dodging
 - Level 1.5 Stealth
 - Level 4.0 Invocations


You had 7 spell levels left.
You didn't know any spells.
Your spell library was empty.

Inventory:

Hand Weapons
 a - a +0 shortbow (weapon)
Armour
 c - a +0 robe (worn)
Jewellery
 i - a +6 ring of dexterity (left hand)
 j - a ring of positive energy (right hand)
Wands
 f - a wand of polymorph (14)
 l - a wand of flame (22)
Scrolls
 k - 2 scrolls of teleportation
Potions
 b - a potion of curing
 g - a potion of mutation
 h - a potion of cancellation
 m - a potion of heal wounds {unknown}

Dungeon Overview and Level Annotations

Branches:
Dungeon (7/15)             Temple (1/1) D:6

Altars:
Ashenzari
Cheibriados
Dithmenos
Elyvilon
Fedhas
Gozag
Hepliaklqana
Kikubaaqudgha
Makhleb
Nemelex Xobeh
Okawaru
Qazlal
Ru
Sif Muna
Trog
Uskayaw
Vehumet
Wu Jian
Xom
Yredelemnul
Zin
The Shining One

Shops:
D:7 [

Annotations:
D:5 Dowan, Duvessa, Grinder


Message History

The arrow hits the orc but does no damage.
The orc is heavily wounded.
You shoot an arrow. The arrow barely misses the orc.
The arrow hits Duvessa!
Duvessa is moderately wounded.
The orc completely misses you. The white imp barely misses you.
You shoot an arrow. The arrow hits the orc.
You kill the orc!
Okawaru accepts your kill. The white imp misses you.
Dowan, Brother of Duvessa comes into view.
He is wielding a +0 dagger.
You shoot an arrow.
Dowan shouts!
The arrow hits Duvessa but does no damage.
Duvessa is moderately wounded.
Dowan casts a spell.
Dowan blinks!
The white imp completely misses you. Duvessa hits you with a +0 short sword.
You shoot an arrow. The arrow hits Duvessa.
Duvessa is heavily wounded.
The white imp misses you. Dowan casts a spell at you.
The puff of frost misses you. Duvessa hits you with a +0 short sword.
You shoot an arrow. The arrow hits Duvessa.
Duvessa is severely wounded.
The white imp gestures at you. The puff of frost hits you! Duvessa misses you.
4390 ||| READING 3 scrolls of teleportation.
As you read the scroll of teleportation, it crumbles to dust.
You feel strangely unstable. The white imp completely misses you.
Duvessa completely misses you.
You shoot an arrow. The arrow hits Duvessa.
Duvessa is severely wounded.
The white imp closely misses you. Duvessa completely misses you.
You shoot an arrow. The arrow barely misses Duvessa.
Dowan misses you. The white imp completely misses you.
Duvessa closely misses you.
You shoot an arrow. The arrow closely misses Duvessa.
Dowan gestures at you while chanting. The puff of flame hits you!
The white imp hits you. The white imp freezes you.
You die...

#....'..'......#....
#....#%.#......#....
##..##..##.....##..#
##..##..##.....##..#
#...##..##.....#....
##......#......#....
##......############
#.......##.
#..@e...'..
##5e##..##. #..# '##
#... . #.... .
'..... ......
#...... '


You could see Duvessa, Dowan and a white imp.

Vanquished Creatures
  Sigmund (D:2)
  A water moccasin (D:6)
  2 black bears
  2 ice beasts
  An ogre (D:5)
  A phantom (D:4)
  A scorpion (D:5)
  7 wights
  6 hounds
  3 jellies
  A bombardier beetle (D:5)
  An orc priest (D:4)
  Jessica (D:3)
  An iguana (D:5)
  An orc wizard (D:4)
  4 sleepcaps
  5 adders
  A white imp (D:6)
  A ribbon worm (D:3)
  6 orcs
  5 endoplasms
  4 giant cockroaches
  5 goblins
  6 hobgoblins
  6 jackals
  9 kobolds
  3 quokkas
  5 ball pythons
  6 bats
  3 frilled lizards (D:1)
  6 rats
105 creatures vanquished.

Notes
Turn   | Place    | Note
-------+----------+-------------------------------------------
     0 | D:1      | qw the Spriggan Hunter began the quest for the Orb.
     0 | D:1      | Reached XP level 1. HP: 10/10 MP: 2/2
     0 | D:1      | 0 ||| qw: Version: 0.3-a-160-g6735b56
     0 | D:1      | 0 ||| qw: Game counter: 5390
     0 | D:1      | 0 ||| qw: Melee chars always use a shield: true
     0 | D:1      | 0 ||| qw: God list: Okawaru
     0 | D:1      | 0 ||| qw: Allow faded altars: false
     0 | D:1      | 0 ||| qw: Do Orc after clearing Dungeon:15 true
     0 | D:1      | 0 ||| qw: Do second Lair branch before Depths: true
     0 | D:1      | 0 ||| qw: Lair rune preference: random
     0 | D:1      | 0 ||| qw: Goals: Normal
     0 | D:1      | 0 ||| PLANNING D:1-11
    22 | D:1      | Reached skill level 3 in Dodging
   149 | D:1      | Reached XP level 2. HP: 14/14 MP: 3/3
   165 | D:1      | Reached skill level 4 in Dodging
   509 | D:1      | 509 ||| UPGRADING to +6 ring of dexterity.
   510 | D:1      | 510 ||| READING scroll labelled VEMANI JOILO.
   511 | D:1      | 511 ||| READING 2 scrolls labelled AFUOCWI LOPRYN.
   511 | D:1      | 511 ||| IDENTIFYING bubbling sapphire potion
   512 | D:1      | 512 ||| READING scroll of identify.
   512 | D:1      | 512 ||| IDENTIFYING 3 purple potions
   513 | D:1      | 513 ||| READING 2 scrolls labelled XOAGAS ZOIVAO.
   518 | D:1      | 518 ||| DROPPING scroll of butterflies.
   519 | D:1      | 519 ||| DROPPING 3 potions of attraction.
   559 | D:2      | HP: 2/14 [goblin/+0 club (2)]
   560 | D:2      | Reached XP level 3. HP: 3/18 MP: 4/4
   560 | D:2      | 560 ||| READING scroll of teleportation.
   687 | D:2      | Reached skill level 5 in Dodging
   721 | D:2      | Noticed Sigmund
   726 | D:2      | Killed Sigmund
   727 | D:2      | Reached skill level 6 in Ranged Weapons
   727 | D:2      | Reached XP level 4. HP: 13/22 MP: 5/5
   727 | D:2      | Reached XP level 5. HP: 15/25 MP: 6/6
  1322 | D:3      | Noticed Jessica
  1328 | D:3      | Killed Jessica
  1329 | D:3      | Reached XP level 6. HP: 30/30 MP: 7/7
  1501 | D:3      | Reached skill level 6 in Dodging
  1920 | D:3      | 1920 ||| UPGRADING to ring of positive energy.
  1921 | D:3      | 1921 ||| READING scroll of identify.
  1921 | D:3      | 1921 ||| IDENTIFYING green potion
  1922 | D:3      | 1922 ||| READING scroll labelled KERPHAO FINIU.
  1923 | D:3      | 1923 ||| READING scroll labelled BECKUT UNEHE.
  1924 | D:3      | 1924 ||| DRINKING 3 bubbling dark potions.
  1970 | D:3      | 1970 ||| DROPPING 2 potions of lignification.
  2030 | D:4      | You fall into a shaft and drop 3 floors!
  2036 | D:7      | Found Ziuwanar's Armour Shop.
  2055 | D:7      | Reached skill level 7 in Dodging
  2141 | D:7      | Reached XP level 7. HP: 35/35 MP: 8/8
  2327 | D:6      | Reached skill level 8 in Dodging
  2344 | D:6      | Found a staircase to the Ecumenical Temple.
  2345 | D:6      | 2345 ||| PLANNING TEMPLE
  2354 | Temple   | Entered the Ecumenical Temple
  2355 | Temple   | 2355 ||| PLANNING OKAWARU WORSHIP
  2368 | Temple   | Became a worshipper of Warmaster Okawaru
  2369 | Temple   | 2369 ||| PLANNING D:1-11
  2470 | D:6      | Reached skill level 9 in Dodging
  2481 | D:6      | Reached XP level 8. HP: 26/38 MP: 9/9
  2488 | D:6      | Reached * piety under Okawaru
  2538 | D:6      | 2538 ||| INVOKING Heroism.
  2539 | D:6      | 2539 ||| INVOKING Heroism.
  2539 | D:6      | HP: 9/39 [black bear (7)]
  2540 | D:6      | 2540 ||| READING 5 scrolls of teleportation.
  2540 | D:6      | HP: 2/39 [black bear (5)]
  2542 | D:6      | Reached skill level 1 in Invocations
  2762 | D:6      | 2762 ||| DRINKING 2 bubbling puce potions.
  2768 | D:5      | Entered Level 5 of the Dungeon
  2905 | D:5      | 2905 ||| DRINKING 2 metallic sapphire potions.
  2906 | D:5      | 2906 ||| DROPPING potion of degeneration.
  2969 | D:4      | Found a burning altar of Makhleb.
  3572 | D:4      | Reached skill level 3 in Invocations
  3718 | D:4      | 3718 ||| READING scroll of identify.
  3718 | D:4      | 3718 ||| IDENTIFYING sedimented amethyst potion
  3719 | D:4      | 3719 ||| READING scroll labelled DEARI HOXIOMI.
  3720 | D:4      | 3720 ||| READING scroll labelled JOSCHE DYSUSYT.
  3821 | D:4      | 3821 ||| READING scroll labelled ELOSHO EZYBBAOVIRA.
  3880 | D:4      | 3880 ||| DRINKING 2 smoky dark potions.
  3881 | D:4      | 3881 ||| DROPPING potion of brilliance.
  3954 | D:5      | HP: 8/39 [acid dragon/splash of acid (31)]
  3955 | D:5      | 3955 ||| READING 5 scrolls of teleportation.
  3956 | D:5      | Noticed Grinder
  4118 | D:5      | Reached skill level 3 in Fighting
  4185 | D:5      | 4185 ||| INVOKING Heroism.
  4186 | D:5      | 4186 ||| DRINKING potion of haste.
  4190 | D:5      | HP: 10/40 [black bear (4)]
  4191 | D:5      | 4191 ||| READING 4 scrolls of teleportation.
  4379 | D:5      | Noticed Duvessa
  4386 | D:5      | Noticed Dowan
  4389 | D:5      | HP: 8/40 [white imp/puff of frost (9)]
  4390 | D:5      | 4390 ||| READING 3 scrolls of teleportation.
  4393 | D:5      | HP: 2/40 [Dowan/puff of flame (7)]
  4393 | D:5      | Slain by a white imp

Levels and vault maps discovered:
D:1:      shiori_arrival_oz, layout_rooms
D:2:      layout_loops_cross, uniq_sigmund
D:3:      layout_loops_cross, kennysheep_generic_room_6, uniq_jessica
D:4:      layout_loops_ring, makhleb_blood_cavern_becter, kennysheep_orc_chapel
D:5:      layout_gridville, nicolae_custom_books, kennysheep_flooded_box,
          minmay_manual_monstrance, uniq_grinder, uniq_duvessa
D:6:      layout_cave_pools, minmay_temple_entry_overgrown,
          amcnicky_mini_corridor_feature
D:7:      cheibrodos_quashed, layout_cave_pools, serial_shops, shop,
          grunt_decor_fettered
Temple:   nicolae_temple_bog_church

Skill      XL: |  1  2  3  4  5  6  7  8 |
---------------+-------------------------+-----
Dodging        | 3 4 5 7 9 |  9.2
Ranged Weapons | 6 7 8 |  8.7
Fighting       | 2 3 |  3.0
Invocations    | 4 |  4.0
Stealth        | |  1.5

Action                     |  1- 3 |  4- 6 |  7- 9 || total
---------------------------+-------+-------+-------++-------
   Fire: Shortbow          |    82 |    86 |   256 ||   424
 Invoke: Heroism           |       |       |     2 ||     2
    Use: Scroll            |     5 |     3 |     8 ||    16
         Potion            |       |     1 |     4 ||     5
 Armour: Robe              |    13 |     8 |    49 ||    70
  Dodge: Dodged            |    26 |    26 |   192 ||   244

Table legend:
 A = Non-vault XP
 B = Vault XP
 C = Vault XP percentage of total XP
 D = Non-vault monster count
 E = Vault monster count
 F = Vault count percentage of total count
                 A         B        C        D         E       F
            +---------+---------+-------+---------+---------+-------
      Total |    2147 |     479 |  18.2 |      92 |      13 |  12.4
            +---------+---------+-------+---------+---------+-------
        D:1 |      36 |       2 |   5.3 |      22 |       1 |   4.3
        D:2 |      98 |     223 |  69.5 |      13 |       1 |   7.1
        D:3 |      52 |      38 |  42.2 |      10 |       2 |  16.7
        D:4 |     207 |     126 |  37.8 |      17 |       6 |  26.1
        D:5 |     576 |      90 |  13.5 |      12 |       3 |  20.0
        D:6 |     904 |       0 |   0.0 |      13 |       0 |   0.0
        D:7 |     274 |       0 |   0.0 |       5 |       0 |   0.0
            +---------+---------+-------+---------+---------+-------
